 Dungeon Crawl Stone Soup version 0.28-a0-664-gc179e30c89 (webtiles) character file.

Game seed: 247880329570976097

332472 helsbecter the Axe Maniac (level 20, -7/168 HPs)
             Began as a Minotaur Berserker on Oct 16, 2021.
             Was the Champion of Trog.
             Mangled by an azure jelly (18 damage)
             ... created by the Royal Jelly
             ... on level 5 of the Pits of Slime.
             The game lasted 02:09:18 (40120 turns).

helsbecter the Axe Maniac (Minotaur Berserker)     Turns: 40120, Time: 02:09:19

Health: -7/168     AC: 33    Str: 30      XL:     20   Next: 89%
Magic:  15/15      EV: 12    Int:  5 (6)  God:    Trog [******]
Gold:   1463       SH:  0    Dex:  9 (10) Spells: 19/19 levels left

rFire   . . .      SeeInvis +   Z - +6 executioner's axe (flame)
rCold   . . .      Faith    .   (shield currently unavailable)
rNeg    . . .      Spirit   .   E - +5 plate armour
rPois   .          Reflect  .   F - +0 mask of the Dragon {Will+ Slay+3 SInv}
rElec   .          Harm     .   u - scarf {repulsion}
rCorr   +          Rampage  .   y - +0 pair of gloves
Will    +++++                   H - +4 pair of boots of Weikhlel {Will+ Str+3}
Stlth   ..........              x - amulet of regeneration
HPRegen 2.38/turn               P - ring of resist corrosion
MPRegen 0.14/turn               M - ring of Kukivemm {Fly Slay+4}

@: mighty, engulfed (cannot breathe), strong-willed, flying, regenerating,
hasted, repel missiles, unable to read, very quick
A: horns 2, retaliatory headbutt, clumsy 1, deterioration 1, frail 2, low mp 2,
no potion heal 1, inability to read while threatened, MP-powered wands
}: 2/15 runes: barnacled, gossamer
a: Renounce Religion, Berserk, Trog's Hand, Brothers in Arms


You were on level 5 of the Pits of Slime.
You worshipped Trog.
Trog was exalted by your worship.
You visited 8 branches of the dungeon, and saw 41 of its levels.
You also visited: Ossuary, Gauntlet and Volcano.

You collected 4174 gold pieces.
You spent 2711 gold pieces at shops.

Inventory:

Hand Weapons
 v - a +2 broad axe of draining
 W - a +4 vorpal executioner's axe
 Z - a +6 executioner's axe of flaming (weapon)
Missiles
 n - 2 throwing nets (quivered)
Armour
 u - a scarf of repulsion (worn)
 y - a +0 pair of gloves (worn)
 E - a +5 plate armour (worn)
 F - the +0 mask of the Dragon (worn) {Will+ Slay+3 SInv}
   (You bought it in a shop on level 15 of the Dungeon)

   Slay:      It affects your accuracy & damage with ranged weapons and melee
   (+3).
   SInv:      It lets you see invisible.
   Will:      It increases your willpower.
 H - the +4 pair of boots of Weikhlel (worn) {Will+ Str+3}
   (You bought it in a shop on level 2 of the Orcish Mines)

   Str:       It affects your strength (+3).
   Will:      It increases your willpower.
Jewellery
 k - an amulet of reflection
 x - an amulet of regeneration (around neck)
 J - a +6 ring of intelligence
 M - the ring of Kukivemm (right hand) {Fly Slay+4}
   (You found it on level 1 of the Vaults)

   [ring of flight]

   Slay:      It affects your accuracy & damage with ranged weapons and melee
   (+4).
   Fly:       It grants you flight.
 P - a ring of resist corrosion (left hand)
 V - a ring of fire
 X - a ring of protection from fire
 Y - the ring of the Crushed Dances {rC+ Will+ Str-3 Dex+7}
   (You found it in a Gauntlet)

   [ring of willpower]

   Str:       It affects your strength (-3).
   Dex:       It affects your dexterity (+7).
   rC:        It protects you from cold.
   Will:      It increases your willpower.
Wands
 o - a wand of charming (15)
 G - a wand of paralysis (28)
 I - a wand of acid (44)
 K - a wand of polymorph (19)
 N - a wand of iceblast (47)
 O - a wand of flame (113)
 Q - a wand of mindburst (62)
 T - a wand of digging (21)
Scrolls
 b - 4 scrolls of enchant weapon
 d - 5 scrolls of enchant armour
 e - 7 scrolls of vulnerability
 g - 2 scrolls of fear
 h - 3 scrolls of blinking
 i - 6 scrolls of magic mapping
 l - 5 scrolls of identify
 p - 4 scrolls of torment
 r - 6 scrolls of fog
 B - 9 scrolls of teleportation
 D - 2 scrolls of summoning
 R - 5 scrolls of silence
Potions
 a - a potion of mutation
 c - 4 potions of cancellation
 f - 6 potions of flight
 j - 9 potions of might
 m - 5 potions of haste
 q - 7 potions of invisibility
 s - 8 potions of lignification
 w - 5 potions of attraction
 z - 12 potions of curing
 A - 5 potions of heal wounds
 C - a potion of magic
 L - 6 potions of resistance
 S - a potion of berserk rage
 U - 3 potions of ambrosia
Miscellaneous
 t - a condenser vane


   Skills:
 * Level 25.3 Fighting
 O Level 27 Axes
 + Level 22.6 Armour
 + Level 13.0 Dodging


You had 19 spell levels left.
You didn't know any spells.
Your spell library was empty.

Dungeon Overview and Level Annotations

Branches:
Dungeon (15/15)            Temple (0/1) D:7            Lair (6/6) D:10
 Shoals (4/4) Lair:3       Spider (4/4) Lair:2        Slime (5/5) Lair:5
    Orc (2/2) D:10            Elf (1/3) Orc:2        Vaults (4/5) D:14
  Crypt (0/3) Vaults:3     Depths (0/4) D:15        Ossuary (visited)
Volcano (visited)         Gauntlet (visited)

Altars:
Ashenzari
Dithmenos
Fedhas
Kikubaaqudgha
Makhleb
Nemelex Xobeh
Ru
Trog
Uskayaw
Vehumet
Xom
Beogh
Jiyva

Shops:
D:2 [   D:14 :   D:15 [[*   Orc:2 !(([(   Elf:1 *   Shoals:3 *   Vaults:1 [
Vaults:4 (!*([

Portals:
Trove: D:11 (give +7 demon blade)


Innate Abilities, Weirdness & Mutations

You have a pair of horns on your head.
You reflexively headbutt those who attack you in melee.
You are clumsy. (Dex -2)
Your body sometimes deteriorates upon taking damage.
You are very frail. (-20% HP)
Your magical capacity is very low. (-20% MP)
Potions are less effective at restoring your health.
You sometimes lose the ability to read scrolls when taking damage.
You expend magic power (3 MP) to strengthen your wands.


Message History

The azure jelly closely misses you. The azure jelly hits you!
* * * LOW HITPOINT WARNING * * *
The azure jelly hits you.
* * * LOW HITPOINT WARNING * * *
The azure jelly jiggles.
The azure jelly barely misses you. You furiously retaliate!
You headbutt the azure jelly!
The azure jelly hits you but does no damage. x3
The quicksilver ooze closely misses you.
The quicksilver ooze barely misses you. The azure jelly closely misses you.
You furiously retaliate!
You headbutt the azure jelly!
The azure jelly hits you but does no damage.
The azure jelly closely misses you. The azure jelly hits you!
* * * LOW HITPOINT WARNING * * *
The azure jelly hits you.
* * * LOW HITPOINT WARNING * * *
The azure jelly freezes you!!
* * * LOW HITPOINT WARNING * * *
The azure jelly hits you but does no damage. x3
Your system partially rejects the healing.
You feel much better.
* * * LOW HITPOINT WARNING * * *
Your lungs strain for air!
The azure jelly hits you but does no damage.
The azure jelly closely misses you.
The azure jelly hits you but does no damage. x2
The quicksilver ooze hits you!
* * * LOW HITPOINT WARNING * * *
The quicksilver ooze hits you but does no damage.
The azure jelly hits you but does no damage. x2
The azure jelly closely misses you. x2
Your system partially rejects the healing.
You feel much better.
* * * LOW HITPOINT WARNING * * *
Your lungs strain for air!
The azure jelly hits you but does no damage.
The azure jelly hits you.
* * * LOW HITPOINT WARNING * * *
The azure jelly freezes you!!
You die...

#.## #.... .....## #.J#
##...............
......#####.####................
................................
...............^................
................................
...............................#
...............JJ...............
..............GJ@...........#
...............TJ......<..###
.........................##
.........................#
.........................#
.........................#
........................##
.......................##
##.#........#####.....##


You could see 3 azure jellies, a great orb of eyes, a slime creature, a
quicksilver ooze and a friendly iron troll (summoned, berserk).

Vanquished Creatures
  the Royal Jelly (Slime:5)
  A dread lich (Vaults:1)
  An ancient lich (Vaults:1)
  Mlioglotl (Spider:1)
  A lich (Vaults:1)
  A titan (Shoals:4)
  8 acid blobs
  Asterion (Vaults:1)
  Frances (Spider:1)
  2 sphinxes
  5 azure jellies
  6 rockslimes
  4 vault wardens
  A frost giant (Vaults:3)
  3 emperor scorpions
  A curse skull (Vaults:3)
  A deep elf elementalist (Elf:1)
  7 ghost moths
  9 ironbound preservers
  13 quicksilver oozes
  A reaper (D:13)
  A very ugly thing (Vaults:3)
  4 entropy weavers
  22 dire elephants
  Azrael (D:15)
  A spark wasp (Spider:3)
  2 merfolk javelineers
  9 merfolk impalers
  2 deep elf death magi
  A crystal guardian (Vaults:4)
  A jiangshi (Vaults:3)
  4 yaktaur captains
  Josephine (Lair:5)
  An ettin (Vaults:3)
  4 great orbs of eyes
  5 ironbound thunderhulks
  11 boulder beetles
  A peacekeeper (Vaults:4)
  2 ogre magi
  16 hydras
  6 vault guards (D:14)
  Erolcha (D:9)
  9 ironbound frosthearts
  3 alligator snapping turtles
  6 merfolk aquamancers
  3 merfolk avatars
  6 centaur warriors
  8 dancing weapons (Elf:1)
  A deep troll shaman (Vaults:4)
  A deep troll earth mage (Vaults:4)
  3 satyrs
  9 two-headed ogres
  3 tengu warriors (D:14)
  8 orc high priests (Orc:2)
  A hell knight (Volcano)
  6 deep elf knights (Elf:1)
  A glowing orange brain (Vaults:4)
  10 skeletal warriors
  A salamander mystic (Volcano)
  17 sea snakes
  25 deep trolls
  A flayed ghost (D:14)
  A swamp dragon (shapeshifter) (Vaults:1)
  8 wizards
  3 deep elf archers (Elf:1)
  17 ironbound convokers
  A shadow dragon zombie (Vaults:4)
  14 deep elf pyromancers
  2 wolf spider zombies (D:7)
  A lindwurm (Vaults:3)
  6 harpies
  A frost giant zombie (Vaults:4)
  A harpy (shapeshifter) (Gauntlet)
  A phantasmal warrior (Vaults:3)
  A necromancer (Vaults:4)
  21 ugly things
  26 wolf spiders
  An orc sorcerer (Orc:2)
  20 orb spiders
  8 cyclopes
  15 deep elf zephyrmancers (Elf:1)
  4 salamanders (Volcano)
  A shining eye (shapeshifter) (Vaults:4)
  14 manticores
  10 fauns
  6 shining eyes
  A moth of wrath (Spider:4)
  A merfolk siren (Shoals:2)
  11 vault sentinels
  11 elephants
  Joseph (D:9)
  5 black mambas
  A guardian serpent (shapeshifter) (D:13)
  2 eyes of devastation
  3 centaur skeletons (D:7)
  A molten gargoyle (Volcano)
  A torpor snail (Spider:4)
  An ice statue (Gauntlet)
  12 water nymphs
  3 gargoyles
  9 cane toads
  4 rime drakes
  Maggie (D:9)
  11 komodo dragons
  An efreet (Gauntlet)
  A kobold demonologist (D:7)
  A tengu conjurer (D:15)
  21 yaktaurs
  2 hellwings (D:7)
  10 demonic crawlers
  30 merfolk
  3 trolls
  37 jumping spiders
  12 hornets
  14 wind drakes
  A yaktaur skeleton (Vaults:4)
  7 dream sheep
  55 slime creatures
  7 snapping turtles
  8 blink frogs
  8 polar bears
  5 air elementals
  38 tarantellas
  24 water elementals
  12 spriggans (Lair:6)
  A shadow (D:10)
  6 wraiths
  47 yaks
  62 redbacks
  4 wyverns
  Sigmund (D:2)
  7 fire elementals
  A vampire (D:9)
  A basilisk (Lair:4)
  2 fire bats (Volcano)
  6 humans (D:14)
  11 golden eyes
  5 vampire mosquitoes (D:13)
  A steam dragon (D:7)
  4 wargs (Orc:2)
  17 water moccasins
  An acid dragon (D:10)
  8 hell hounds
  8 black bears
  2 hornet zombies (D:7)
  11 orc warriors
  3 necrophages
  12 ogres
  9 boggarts
  18 centaurs
  20 wolves (Lair:6)
  2 kobold brigands
  10 bullfrogs
  10 scorpions
  An earth elemental (Elf:1)
  14 killer bees
  13 wights
  2 electric eels (D:8)
  7 howler monkeys
  A bullfrog zombie (D:5)
  6 lava snakes (Volcano)
  A wyvern simulacrum (D:9)
  13 centaur zombies
  3 jellies
  33 orc priests
  3 hounds
  3 human zombies (Ossuary)
  3 gnoll shamans
  Crazy Yiuf (D:2)
  5 iguanas
  A scorpion zombie (Ossuary)
  18 orc wizards
  7 hell rats (Lair:5)
  A killer bee zombie (D:5)
  2 hound skeletons
  3 mummies (Ossuary)
  2 howler monkey zombies (D:9)
  15 gnolls
  A howler monkey skeleton (D:7)
  4 adders
  6 shadow imps
  An ufetubus (D:7)
  3 worms (D:2)
  3 dart slugs
  92 orcs
  5 ball pythons
  3 bats (D:2)
  11 endoplasms
  A giant cockroach (D:1)
  4 hobgoblins
  7 jackals (D:2)
  19 kobolds
  3 quokkas
  5 frilled lizards
  5 gnoll zombies (Ossuary)
  5 goblins
  5 goblin zombies (Ossuary)
  2 hobgoblin zombies (Ossuary)
  5 kobold zombies (Ossuary)
  2 orc zombies (Ossuary)
  4 rats
1490 creatures vanquished.

Vanquished Creatures (collateral kills)
  The ghost of Dogag the Slicer, an adept DgIE (Vaults:1)
  A lich (Vaults:1)
  An azure jelly (Slime:3)
  A rockslime (Slime:5)
  2 emperor scorpions (Spider:4)
  3 quicksilver oozes (Slime:5)
  A minotaur (Gauntlet)
  A merfolk javelineer (Shoals:2)
  2 merfolk impalers
  A great orb of eyes (Vaults:1)
  An alligator snapping turtle (Shoals:3)
  An orc high priest (Orc:2)
  2 sea snakes
  3 deep elf zephyrmancers (Elf:1)
  A deep elf pyromancer (Elf:1)
  A moth of wrath (Spider:4)
  2 fauns (Shoals:4)
  A gargoyle (D:13)
  A merfolk (Shoals:2)
  2 hornets (Spider:4)
  3 dream sheep (Lair:6)
  2 yaks (Lair:6)
  A fire elemental (Elf:1)
  2 water elementals (Shoals:4)
  2 vampire mosquitoes (D:10)
  A basilisk (D:13)
  An orc warrior (D:10)
  An orc priest (Orc:2)
  2 orcs (Orc:2)
44 creatures vanquished.

Vanquished Creatures (others)
  A hornet (Spider:1)
  A water elemental (Shoals:4)
  10 fungi
  78 plants
  8 withered plants (D:7)
98 creatures vanquished.

Grand Total: 1632 creatures vanquished

Notes
Turn   | Place    | Note
-------+----------+-------------------------------------------
     0 | D:1      | helsbecter the Minotaur Berserker began the quest for the
                  | Orb.
     0 | D:1      | Reached XP level 1. HP: 19/19 MP: 0/0
    60 | D:1      | Reached skill level 4 in Axes
   256 | D:1      | Reached XP level 2. HP: 26/26 MP: 1/1
   727 | D:1      | Found a faded altar of an unknown god.
  1102 | D:1      | Reached skill level 5 in Axes
  1211 | D:2      | Reached XP level 3. HP: 31/31 MP: 2/2
  1213 | D:2      | Noticed Sigmund
  1220 | D:2      | Killed Sigmund
  1220 | D:2      | Reached ** piety under Trog
  1221 | D:2      | Reached skill level 7 in Axes
  1221 | D:2      | Reached XP level 4. HP: 39/39 MP: 3/3
  1221 | D:2      | Reached XP level 5. HP: 45/45 MP: 4/4
  1849 | D:2      | Found Futenu's Antique Armour Emporium.
  1939 | D:2      | Found a runed translucent door.
  1940 | D:2      | Noticed Crazy Yiuf
  2195 | D:2      | Killed Crazy Yiuf
  2196 | D:2      | Reached skill level 8 in Axes
  2299 | D:3      | Reached XP level 6. HP: 40/51 MP: 5/5
  2568 | D:3      | Reached *** piety under Trog
  2922 | D:3      | Reached skill level 9 in Axes
  3012 | D:3      | Found a blossoming altar of Fedhas.
  3295 | D:4      | Reached XP level 7. HP: 57/57 MP: 6/6
  3425 | D:4      | Reached skill level 10 in Axes
  4495 | D:5      | Entered Level 5 of the Dungeon
  4586 | D:5      | Reached skill level 11 in Axes
  4885 | D:5      | Found a shimmering altar of Xom.
  4886 | D:5      | Found a radiant altar of Vehumet.
  4886 | D:5      | Found a broken altar of Ashenzari.
  4886 | D:5      | Found a shadowy altar of Dithmenos.
  4902 | D:5      | Reached XP level 8. HP: 44/66 MP: 7/7
  5008 | D:5      | Found a bloodstained altar of Trog.
  5150 | D:5      | Reached **** piety under Trog
  5508 | D:5      | Reached skill level 12 in Axes
  5583 | D:5      | Reached skill level 5 in Fighting
  5792 | D:6      | Reached XP level 9. HP: 74/74 MP: 8/8
  6279 | D:6      | Reached skill level 5 in Armour
  6530 | D:6      | Reached skill level 13 in Axes
  7049 | D:2      | Bought an embroidered scarf for 216 gold pieces
  7137 | D:7      | Noticed a hellwing
  7148 | D:7      | Reached skill level 5 in Dodging
  7155 | D:7      | Killed a hellwing
  7529 | D:7      | Reached skill level 14 in Axes
  7529 | D:7      | Reached XP level 10. HP: 80/86 MP: 9/9
  7961 | D:7      | Found a staircase to the Ecumenical Temple.
  8195 | D:7      | Reached ***** piety under Trog
  8497 | D:8      | Noticed a two-headed ogre
  8507 | D:8      | Killed a two-headed ogre
  8508 | D:8      | Reached skill level 15 in Axes
  8604 | D:8      | Found a sand-covered staircase.
  8613 | Ossuary  | Entered an ossuary
  8930 | Ossuary  | Reached XP level 11. HP: 92/95 MP: 10/10
 10342 | D:9      | Noticed Joseph
 10372 | D:9      | Noticed a two-headed ogre
 10373 | D:9      | Noticed Erolcha
 10378 | D:9      | Killed a two-headed ogre
 10383 | D:9      | Killed Erolcha
 10398 | D:9      | Killed Joseph
 10399 | D:9      | Reached skill level 16 in Axes
 10711 | D:9      | Received a gift from Trog
 10755 | D:9      | Noticed Maggie
 10763 | D:9      | Killed Maggie
 11289 | D:10     | Entered Level 10 of the Dungeon
 11360 | D:10     | Noticed a two-headed ogre
 11588 | D:10     | Killed a two-headed ogre
 11589 | D:10     | Reached skill level 10 in Fighting
 11952 | D:10     | Found a staircase to the Orcish Mines.
 12410 | D:10     | Found a staircase to the Lair.
 12687 | D:10     | Noticed a two-headed ogre
 12689 | D:10     | Killed a two-headed ogre
 12749 | Lair:1   | Entered Level 1 of the Lair of Beasts
 12754 | Lair:1   | Reached skill level 17 in Axes
 12754 | Lair:1   | Reached skill level 10 in Armour
 12805 | Lair:1   | Noticed a six-headed hydra
 12812 | Lair:1   | Killed a three-headed hydra
 12813 | Lair:1   | Reached XP level 12. HP: 58/107 MP: 11/11
 12867 | Lair:1   | Noticed a six-headed hydra
 12878 | Lair:1   | Killed a three-headed hydra
 13501 | Lair:2   | Received a gift from Trog
 13502 | Lair:2   | Reached ****** piety under Trog
 13504 | Lair:2   | Reached skill level 18 in Axes
 13504 | Lair:2   | Noticed a seven-headed hydra
 13515 | Lair:2   | Killed a five-headed hydra
 13550 | Lair:2   | You fall into a shaft and drop 1 floor!
 13550 | Lair:3   | Noticed an eight-headed hydra
 13558 | Lair:3   | Killed a five-headed hydra
 13867 | Lair:3   | Noticed a four-headed hydra
 13873 | Lair:3   | Killed a one-headed hydra
 14134 | Lair:3   | Found a staircase to the Shoals.
 14403 | Lair:2   | Reached skill level 19 in Axes
 14416 | Lair:2   | Reached XP level 13. HP: 118/118 MP: 12/12
 14612 | Lair:2   | Found a hole to the Spider Nest.
 14875 | Lair:2   | Found a sacrificial altar of Ru.
 15941 | Lair:5   | Found a viscous altar of Jiyva.
 15941 | Lair:5   | Found a staircase to the Slime Pits.
 16005 | Lair:5   | Noticed Josephine
 16018 | Lair:5   | Killed Josephine
 16018 | Lair:5   | Received a gift from Trog
 16019 | Lair:5   | Reached skill level 20 in Axes
 16848 | Lair:6   | Entered Level 6 of the Lair of Beasts
 16855 | Lair:6   | Reached XP level 14. HP: 110/130 MP: 13/13
 16966 | Lair:6   | Received a gift from Trog
 17096 | Lair:6   | Reached skill level 21 in Axes
 17292 | Lair:6   | Paralysed by a hornet for 1 turns
 18181 | D:11     | Found a gate leading to a gauntlet.
 18192 | Gauntlet | Entered a Gauntlet
 18192 | Gauntlet | Found a transporter.
 18192 | Gauntlet | Found a transporter.
 18193 | Gauntlet | Found a transporter.
 18193 | Gauntlet | Found a transporter.
 18196 | Gauntlet | Found a transporter.
 18212 | Gauntlet | Found a transporter.
 18221 | Gauntlet | Found a transporter.
 18225 | Gauntlet | Found a transporter.
 18239 | Gauntlet | Found a transporter.
 18278 | Gauntlet | Found a transporter.
 18295 | Gauntlet | Found a transporter.
 18299 | Gauntlet | Found a transporter.
 18513 | Gauntlet | Identified the ring of the Crushed Dances {rC+ Will+ Str-3
                  | Dex+7}
 18557 | Gauntlet | Identified the +11 glaive of Poenohasm {flame, rElec}
 18772 | D:11     | Found a portal to a secret trove of treasure.
 18907 | D:11     | You fall into a shaft and drop 2 floors!
 18928 | D:13     | Reached skill level 22 in Axes
 18928 | D:13     | Received a gift from Trog
 19059 | D:13     | Found the +5 scythe "Finisher" {speed, eviscerate}
 19373 | D:13     | Noticed a reaper
 19378 | D:13     | Killed a reaper
 19453 | D:12     | Reached skill level 15 in Fighting
 19684 | D:12     | Reached XP level 15. HP: 138/141 MP: 14/14
 19766 | D:12     | Reached skill level 15 in Armour
 20311 | D:14     | Found Toroj's Book Emporium.
 20410 | D:14     | Found a sparkling altar of Nemelex Xobeh.
 20443 | D:14     | Reached skill level 23 in Axes
 20840 | D:14     | Received a gift from Trog
 21048 | D:14     | Found a gate to the Vaults.
 21060 | D:14     | Identified the +1 plate armour of the Armadillo {Int+8}
 21116 | D:15     | Entered Level 15 of the Dungeon
 21130 | D:15     | Found Enoil's Armour Emporium.
 21130 | D:15     | Noticed Azrael
 21151 | D:15     | Killed Azrael
 21555 | D:15     | Found a staircase to the Depths.
 21628 | D:15     | Found Woizov's Antique Armour Emporium.
 21647 | D:15     | Bought the +0 mask of the Dragon {Will+ Slay+3 SInv} for
                  | 935 gold pieces
 21647 | D:15     | Found the +0 mask of the Dragon {Will+ Slay+3 SInv}
 21767 | D:15     | Found Magurch's Gadget Gallery.
 22024 | Orc:1    | Entered Level 1 of the Orcish Mines
 22027 | Orc:1    | Found a dark tunnel.
 22037 | Volcano  | Entered a volcano
 22272 | Volcano  | Found a radiant altar of Vehumet.
 22294 | Volcano  | Reached skill level 24 in Axes
 22633 | Orc:2    | Entered Level 2 of the Orcish Mines
 22635 | Orc:2    | Received a gift from Trog
 22676 | Orc:2    | Found a staircase to the Elven Halls.
 22743 | Orc:2    | Reached XP level 16. HP: 132/148 MP: 15/15
 23064 | Orc:2    | Found Pevas's Armour Boutique.
 23086 | Orc:2    | Found Ruxziung's Antique Weapon Emporium.
 23127 | Orc:2    | Found Topodaoba's Antique Weapon Emporium.
 23127 | Orc:2    | Found Xeapsafy's Weapon Boutique.
 23152 | Orc:2    | Received a gift from Trog
 23330 | Orc:2    | Found Woto's Distillery.
 23345 | Orc:2    | Bought a potion of ambrosia for 112 gold pieces
 23345 | Orc:2    | Bought a potion of resistance for 140 gold pieces
 23433 | Orc:2    | Bought the +4 pair of boots of Weikhlel {Will+ Str+3} for
                  | 520 gold pieces
 23770 | Elf:1    | Entered Level 1 of the Elven Halls
 23971 | Elf:1    | Paralysed by an air elemental for 1 turns
 24143 | Elf:1    | Found Apsepn's General Store.
 24149 | Elf:1    | Bought a scroll of identify for 38 gold pieces
 24149 | Elf:1    | Bought a potion of magic for 152 gold pieces
 24149 | Elf:1    | Bought a scroll of identify for 38 gold pieces
 24264 | Elf:1    | Reached skill level 25 in Axes
 24317 | Elf:1    | Received a gift from Trog
 24576 | Elf:1    | Found a radiant altar of Vehumet.
 25210 | Shoals:1 | Entered Level 1 of the Shoals
 26324 | Shoals:2 | Reached XP level 17. HP: 163/163 MP: 16/16
 27122 | Shoals:3 | Reached skill level 26 in Axes
 27446 | Shoals:3 | Found Saralut's General Store.
 27723 | Shoals:4 | Entered Level 4 of the Shoals
 27908 | Shoals:4 | Found a burning altar of Makhleb.
 28032 | Shoals:4 | Received a gift from Trog
 28248 | Shoals:4 | Paralysed by an air elemental for 1 turns
 28265 | Shoals:4 | Paralysed by an air elemental for 1 turns
 28271 | Shoals:4 | Paralysed by an air elemental for 1 turns
 28461 | Shoals:4 | Noticed a titan
 28476 | Shoals:4 | Killed a titan
 28527 | Shoals:4 | Got a barnacled rune of Zot
 28544 | Shoals:4 | Identified the ring of Quzekk {Wiz rPois Str-2 Int+9 Dex-5}
 28624 | Shoals:4 | Paralysed by an air elemental for 1 turns
 28932 | Shoals:4 | Paralysed by an air elemental for 1 turns
 29101 | Spider:1 | Entered Level 1 of the Spider Nest
 29113 | Spider:1 | Reached skill level 27 in Axes
 29116 | Spider:1 | Noticed Mlioglotl
 29122 | Spider:1 | Killed Mlioglotl
 29204 | Spider:1 | Found a hide-covered altar of Uskayaw.
 29373 | Spider:1 | Received a gift from Trog
 29381 | Spider:1 | Reached XP level 18. HP: 157/176 MP: 0/17
 29521 | Spider:1 | Noticed Frances
 29534 | Spider:1 | Killed Frances
 31151 | Spider:3 | Received a gift from Trog
 32316 | Spider:4 | Entered Level 4 of the Spider Nest
 32349 | Spider:4 | Received a gift from Trog
 32850 | Spider:4 | Received a gift from Trog
 33203 | Spider:4 | Got a gossamer rune of Zot
 33550 | Vaults:1 | Entered Level 1 of the Vaults
 33639 | Vaults:1 | Reached XP level 19. HP: 178/191 MP: 18/18
 33774 | Vaults:1 | Found a runed translucent gate.
 33774 | Vaults:1 | Found a runed translucent gate.
 33774 | Vaults:1 | Found an ancient bone altar of Kikubaaqudgha.
 33774 | Vaults:1 | Noticed an ancient lich
 33774 | Vaults:1 | Noticed Dogag's ghost (adept DgIE)
 33774 | Vaults:1 | Noticed a dread lich
 33775 | Vaults:1 | Found a runed translucent gate.
 33777 | Vaults:1 | Noticed Asterion
 33794 | Vaults:1 | Killed Asterion
 34233 | Vaults:1 | Found Cophoet's Antique Armour Shop.
 34236 | Vaults:1 | Bought a scorched plate armour for 560 gold pieces
 34236 | Vaults:1 | Identified the +3 plate armour of the Barracuda {-Cast rC+
                  | Stlth+} (You bought it in a shop on level 1 of the Vaults)
 34598 | Vaults:1 | Killed an ancient lich
 34989 | Vaults:1 | Killed a dread lich
 34991 | Vaults:1 | Reached skill level 10 in Dodging
 34993 | Vaults:1 | Killed Dogag's ghost
 34999 | Vaults:1 | Identified the ring of Kukivemm {Fly Slay+4}
 35008 | Vaults:1 | Identified the +1 pair of gloves of Darkness {MP+9 Str+7
                  | Slay-6}
 35657 | Vaults:2 | Received a gift from Trog
 37004 | Vaults:3 | You are sucked into a shaft and drop 1 floor!
 37008 | Vaults:4 | Received a gift from Trog
 37069 | Vaults:4 | Reached XP level 20. HP: 178/199 MP: 19/19
 37604 | Vaults:4 | Found Weggam's Distillery.
 37672 | Vaults:4 | Found Qudghok's Weapon Shoppe.
 37899 | Vaults:4 | Found Isten's Antique Armour Shop.
 37939 | Vaults:4 | Found Mucso's Antique Weapon Shop.
 38105 | Vaults:4 | Found Jontyk's Assorted Antiques.
 38581 | Vaults:3 | Found a staircase to the Crypt.
 39178 | Slime:1  | Entered Level 1 of the Pits of Slime
 39374 | Slime:2  | Gained mutation: You are frail. (-10% HP) [a shining eye]
 39376 | Slime:2  | Gained mutation: Your magical capacity is low. (-10% MP) [a
                  | shining eye]
 39397 | Slime:2  | Gained mutation: You expend magic power (3 MP) to
                  | strengthen your wands. [a shining eye]
 39400 | Slime:2  | Gained mutation: Your body sometimes deteriorates upon
                  | taking damage. [a shining eye]
 39429 | Slime:3  | Gained mutation: Potions are less effective at restoring
                  | your health. [a shining eye]
 39430 | Slime:3  | Gained mutation: You are clumsy. (Dex -2) [a shining eye]
 39751 | Slime:3  | Received a gift from Trog
 39866 | Slime:4  | Gained mutation: Your magical capacity is very low. (-20%
                  | MP) [a shining eye]
 39870 | Slime:4  | Gained mutation: You sometimes lose the ability to read
                  | scrolls when taking damage. [a shining eye]
 39909 | Slime:5  | Entered Level 5 of the Pits of Slime
 40026 | Slime:5  | Gained mutation: You are very frail. (-20% HP) [a shining
                  | eye]
 40095 | Slime:5  | Noticed the Royal Jelly
 40108 | Slime:5  | Killed the Royal Jelly
 40118 | Slime:5  | HP: 5/168 [azure jelly[the Royal Jelly] (19)]
 40120 | Slime:5  | Mangled by an azure jelly

Illustrated notes

Levels and vault maps discovered:
D:1:      tarquinn_simple_flora_water_f, layout_basic,
          dreamdust_ecumenical_altar_hidden_monk_grotto, minmay_cut_off
D:2:      layout_rooms, serial_shops, shop, lexackson_kobold_supper,
          uniq_crazy_yiuf_cottage, uniq_sigmund
D:3:      layout_loops_ring, fedhas_altar_2, cheibrodos_gnoll_hut
D:4:      layout_layer_cave
D:5:      minmay_diamond_boxcup, layout_loops_ring, minitemple
D:6:      layout_basic
D:7:      cheibrodos_grave_circle, layout_rooms, minmay_temple_entry_junction,
          chequers_hall_statues_y, serial_park_tiny_1
D:8:      layout_loops_cross, nicolae_ossuary_entry_ruins, serial_park_tiny_1,
          kennysheep_generic_room_2
D:9:      kennysheep_blocky_room, layout_loops_corners, uniq_maggie,
          uniq_joseph, uniq_erolcha
D:10:     layout_basic, lair_entry_dummy, hiddenorc1_lemuel
D:11:     layout_irregular_city, enter_trove_0, gauntlet_entry_generic,
          grunt_decor_one_mirror, kennysheep_generic_room_12
D:12:     layout_roguey
D:13:     layout_rooms, minmay_crystal_room, minmay_guarded_unrand_finisher
D:14:     layout_rooms, ximxim_vaults_locker_room, serial_shops,
          nicolae_shop_behind_doors, lemuel_tele_altar, st_stairs_1
D:15:     hangedman_depths_entry_try_elsewhere_first, layout_basic,
          minmay_strange_pillars, serial_shops, nicolae_diamond_shop, shop,
          nicolae_shop_gadgets, uniq_azrael
Lair:1:   layout_misc_corridors
Lair:2:   layout_misc_corridors, spider_nest_entry_rubble, basic_altar
Lair:3:   layout_regular_city, minmay_shoals_entry_beasts, minivault_19
Lair:4:   layout_regular_city, st_stairs_11, fungi_pond_lemuel,
          lemuel_fruit_fields
Lair:5:   layout_hall_layers, dpeg_slime_entry_enclosed_altar,
          minmay_shattered_shrine, uniq_josephine
Lair:6:   minmay_lair_end_enchanted_forest, layout_hall_layers
Shoals:1: layout_shoals
Shoals:2: layout_shoals
Shoals:3: layout_shoals, serial_shops, nicolae_diamond_shop
Shoals:4: shoals_end_hellmonk_storm_palace [storm_palace_center_ruins,
          storm_palace_corner_blocked, storm_palace_corner_grid,
          storm_palace_corner_narrow, storm_palace_corner_altar], serial_shops
Spider:1: layout_spider_delve, nicolae_spider_altar_of_dancing, uniq_mlioglotl,
          uniq_frances
Spider:2: layout_chambers, drop_trap, nicolae_spider_cling_halls
Spider:3: layout_chambers, hangedman_spider_tarantella_strand
Spider:4: spider_rune_water, guppyfry_spider_mini_1
Slime:1:  layout_caves, cheibrodos_slime_lost_civilization_4
Slime:2:  layout_caves, cheibrodos_slime_lost_civilization_7
Slime:3:  layout_caves
Slime:4:  layout_caves, basic_altar, nicolae_slime_round_cave
Slime:5
Orc:1:    layout_diamond_mine, nicolae_volcano_entry_two_sided
Orc:2:    st_orc_town, layout_diamond_mine, serial_shops, shop,
          kennysheep_orc_chapel
Elf:1:    minmay_elf_arrival_plus, layout_loops_ring, serial_shops,
          nicolae_shop_competitors_out_of_business, basic_altar,
          hangedman_elven_crosses_minicolossus, minivault_5
Vaults:1: gammafunk_ghost_crypt, v_misc_30, nicolae_vaults_sealed_display,
          nicolae_vaults_shelves_hall, grunt_vaults_hallway_short,
          grunt_vaults_swirl, vaults_standard_mumra_lines,
          grunt_vaults_trifunnel, ontoclasm_vaults_decontamination,
          nicolae_vaults_quadrants, v_alt_pattern_6, layout_vaults_omnibox,
          serial_shops, nicolae_shop_behind_doors, uniq_asterion
Vaults:2: nicolae_vaults_stairing_the_circle, v_rooms_4,
          nicolae_vaults_network_periphery, grunt_vaults_funnel,
          vaults_dpeg_hooks, nicolae_vaults_little_squares_3,
          layout_vaults_quadrants
Vaults:3: nicolae_vaults_little_squares_1, minmay_crypt_entry_simple_corners,
          v_alt_pattern_6, nicolae_vaults_triangles, v_alt_pattern_6,
          vaults_standard_mumra_x, nicolae_vaults_alarming, vaults_mumra_lcd,
          v_misc_19, v_pattern_2, vaults_room_fancy_cross,
          vaults_dpeg_encased_lava, layout_vaults_ring
Vaults:4: hangedman_vaults_river_flow, vaults_room_pools,
          nicolae_vaults_twisting_passages, vaults_room_door_hall, v_misc_1,
          v_misc_5, nicolae_vaults_network_star, vaults_mumra_chevron,
          vaults_dpeg_spiral, vaults_room_large_hall,
          vaults_room_stairs_pillars, layout_vaults_big_room, serial_shops,
          nicolae_shop_crystal, nicolae_shop_behind_doors,
          nicolae_lakefront_shop, shop, shop

Skill      XL: |  1  2  3  4  5  6  7  8  9 10 11 12 13 14 15 16 17 18 19 20 |
---------------+-------------------------------------------------------------+-----
Axes           | 4 5 7 8 9 11 12 14 15 17 19 20 22 24 25 27 | 27.0
Fighting       | 4 5 7 8 10 12 13 15 16 17 19 21 23 25 | 25.3
Armour         | 4 6 8 10 11 13 14 16 17 19 20 21 22 | 22.6
Dodging        | 4 6 7 8 11 13 | 13.0

Action                   |  1- 3 |  4- 6 |  7- 9 | 10-12 | 13-15 | 16-18 | 19-21 || total
-------------------------+-------+-------+-------+-------+-------+-------+-------++-------
Melee: Hand axe          |    40 |    94 |       |       |       |       |       ||   134
       Headbutt          |     7 |    16 |    39 |   124 |   207 |   246 |   175 ||   814
       War axe           |       |    25 |   204 |   315 |       |       |       ||   544
       Battleaxe         |       |       |       |   225 |   242 |       |       ||   467
       Executioner's axe |       |       |       |       |   621 |  1085 |   552 ||  2258
Invok: Berserk           |     1 |     1 |     4 |     6 |     4 |     3 |     3 ||    22
       Trog's Hand       |       |       |     1 |     1 |     3 |     7 |     4 ||    16
       Brothers in Arms  |       |       |       |     1 |     3 |     9 |     7 ||    20
  Use: Scroll            |       |       |       |       |    15 |    18 |       ||    33
       Potion            |       |       |       |       |     1 |     1 |     4 ||     6
 Stab: Distracted        |       |       |       |       |     1 |     2 |     2 ||     5
       Held in net/web   |       |       |       |       |       |     1 |       ||     1
Armor: Animal skin       |     2 |       |       |       |       |       |       ||     2
       Scale mail        |       |    28 |    16 |       |       |       |       ||    44
       Leather armour    |       |     6 |       |       |       |       |       ||     6
       Chain mail        |       |       |    80 |   149 |       |       |       ||   229
       Plate armour      |       |       |       |   165 |   628 |   711 |   326 ||  1830
Dodge: Dodged            |    33 |    53 |    99 |   240 |   379 |   577 |   285 ||  1666
       Repelled          |       |       |       |       |       |     3 |     9 ||    12

Table legend: (Time is in decaauts)
 A = Elapsed time spent in this place.
 B = Non-inter-level travel time spent in this place.
 C = Inter-level travel time spent in this place.
 D = Time resting spent in this place.
 E = Time spent auto-exploring this place.
 F = Levels seen in this place.
 G = Mean time per level.
                   A        B        C        D        E       F      G
               +--------+--------+--------+--------+--------+-----+--------+
         Total |  39755 |  37230 |   2525 |   4074 |  24369 |  44 |  903.5 |
       Dungeon |  16351 |  15079 |   1272 |   1806 |  10779 |  15 | 1090.1 |
          Lair |   5297 |   4816 |    481 |     32 |   3857 |   6 |  882.8 |
        Shoals |   3941 |   3812 |    129 |    657 |   1682 |   4 |  985.2 |
   Spider Nest |   4182 |   3956 |    226 |    267 |   2737 |   4 | 1045.5 |
    Slime Pits |    900 |    900 |      0 |    399 |      7 |   5 |  180.0 |
  Orcish Mines |   1334 |   1231 |    103 |      4 |    879 |   2 |  667.0 |
   Elven Halls |   1262 |   1213 |     49 |    103 |    847 |   1 | 1262.0 |
        Vaults |   5278 |   5016 |    262 |    658 |   3300 |   4 | 1319.5 |
       Ossuary |    424 |    424 |      0 |     67 |    184 |   1 |  424.0 |
       Volcano |    392 |    392 |      0 |     37 |     96 |   1 |  392.0 |
      Gauntlet |    389 |    389 |      0 |     42 |      0 |   1 |  389.0 |
               +--------+--------+--------+--------+--------+-----+--------+

Top non-repeatable levels by time:
     D:6: 1590 daAuts
     D:9: 1579 daAuts
Vaults:1: 1523 daAuts
Vaults:2: 1444 daAuts
    D:10: 1434 daAuts
Spider:3: 1353 daAuts
     D:4: 1312 daAuts
Shoals:4: 1289 daAuts
     D:5: 1281 daAuts
Shoals:2: 1273 daAuts
   Elf:1: 1262 daAuts
Vaults:4: 1187 daAuts
     D:1: 1180 daAuts
     D:2: 1168 daAuts
Vaults:3: 1123 daAuts
